 Dungeon Crawl Stone Soup version 0.19.1 (webtiles) character file.

13990 Ladykiller69 the Thaumaturge (level 11, -12/52 (54) HPs)
             Began as a Deep Elf Conjurer on Dec 10, 2016.
             Was a High Priest of Vehumet.
             Killed from afar by a hell knight (19 damage)
             ... with a puff of flame
             ... on level 12 of the Dungeon.
             The game lasted 01:07:13 (13665 turns).

Ladykiller69 the Thaumaturge (Deep Elf Conjurer)   Turns: 13665, Time: 01:07:14

HP:   -12/52 (54)   AC:  5    Str:  5    XL:     11   Next: 82%
MP:   7/29          EV: 13    Int: 24    God:    Vehumet [*****.]
Gold: 808           SH:  5    Dex: 15    Spells: 9 memorised, 6 levels left

rFire  . . .     SeeInvis +     J - +4 quarterstaff (chaos)
rCold  . . .     Gourm    .     a - +0 robe
rNeg   + . .     Faith    .     (shield currently unavailable)
rPois  .         Spirit   .     U - +1 hat
rElec  .         Reflect  +     d - +0 cloak
rCorr  .         Harm     .     (no gloves)
MR     +....                    x - +0 pair of boots
Stlth  ++........               A - +5 amulet of reflection
                                Z - ring of positive energy
                                M - ring of see invisible

@: no status effects
A: no striking features
a: Renounce Religion


You were on level 12 of the Dungeon.
You worshipped Vehumet.
Vehumet was extremely pleased with you.
You were very hungry.

You visited 2 branches of the dungeon, and saw 13 of its levels.
You also visited: Bailey.

You collected 808 gold pieces.

Inventory:

Hand Weapons
 J - a +4 quarterstaff of chaos (weapon)
Armour
 a - a +0 robe (worn)
 d - a +0 cloak (worn)
 x - a +0 pair of boots (worn)
 Q - the +4 plate armour of the Desert {Int+4, unknown}
   (You took it off a goblin in a bailey)

   It affects your intelligence (+4).
 U - a +1 hat (worn)
Magical Staves
 L - an uncursed staff of poison
Jewellery
 v - a +1 ring of evasion
 y - an uncursed amulet of faith
 A - a +5 amulet of reflection (around neck)
 M - a ring of see invisible (left hand)
 Z - a ring of positive energy (right hand)
Wands
 w - a wand of enslavement (4/24)
 z - a wand of confusion (31/48)
 E - a wand of slowing (19/48)
 F - a wand of lightning (6/15)
 H - a wand of confusion (10/48)
 K - a wand of polymorph (3/24)
 V - a wand of confusion (31/48)
 X - a wand of digging (14/24)
Scrolls
 e - 7 scrolls of teleportation
 i - 2 scrolls of amnesia
 j - a scroll of enchant weapon
 k - 7 scrolls of remove curse
 m - 8 scrolls of identify
 o - 4 scrolls of enchant armour
 t - 6 scrolls of blinking
 P - a scroll of acquirement
 S - 2 scrolls of recharging
 T - 2 scrolls of immolation
 W - a scroll of fear
Potions
 h - 5 potions of lignification {unknown}
 l - 2 potions of curing
 n - 2 potions of might {unknown}
 p - 2 potions of berserk rage {unknown}
 q - a potion of magic {unknown}
 s - 3 potions of heal wounds {unknown}
 u - 2 potions of degeneration {unknown}
 G - a potion of brilliance {unknown}
 I - a potion of haste {unknown}
 O - 6 potions of flight
 Y - 2 potions of invisibility {unknown}
Books
 b - a book of Conjurations

   Spells                             Type                      Level
   a - Magic Dart                     Conjuration                  1
   b - Searing Ray                    Conjuration                  2
   c - Dazzling Spray                 Conjuration/Hexes            3
   d - Fulminant Prism                Conjuration/Hexes            4
   e - Iskenderun's Mystic Blast      Conjuration                  4
   f - Iskenderun's Battlesphere      Conjuration/Charms           5
 B - a book of Maledictions

   Spells                             Type                      Level
   a - Corona                         Hexes                        1
   b - Ensorcelled Hibernation        Hexes/Ice                    2
   c - Confuse                        Hexes                        3
   d - Tukima's Dance                 Hexes                        3
   e - Dazzling Spray                 Conjuration/Hexes            3
 D - a book of Minor Magic

   Spells                             Type                      Level
   a - Magic Dart                     Conjuration                  1
   b - Blink                          Translocation                2
   c - Call Imp                       Summoning                    2
   d - Repel Missiles                 Charms/Air                   2
   e - Slow                           Hexes                        2
   f - Conjure Flame                  Conjuration/Fire             3
   g - Mephitic Cloud                 Conjuration/Poison/Air       3
 R - a book of Frost

   Spells                             Type                      Level
   a - Freeze                         Ice                          1
   b - Throw Frost                    Conjuration/Ice              2
   c - Ozocubu's Armour               Charms/Ice                   3
   d - Throw Icicle                   Conjuration/Ice              4
   e - Summon Ice Beast               Ice/Summoning                4
Comestibles
 c - 8 bread rations
 f - 11 meat rations
 g - 10 fruits
 r - 3 slices of pizza
 C - 2 royal jellies
 N - 8 beef jerkies


   Skills:
 - Level 3.0 Dodging
 - Level 3.1 Stealth
 + Level 12.4 Spellcasting
 - Level 12.0 Conjurations
 - Level 11.1 Hexes
 + Level 10.7 Charms
 + Level 6.5 Ice Magic


You had 6 spell levels left.
You knew the following spells:

 Your Spells              Type           Power        Failure   Level  Hunger
a - Magic Dart            Conj           ####         1%          1    None
b - Dazzling Spray        Conj/Hex       ######       1%          3    None
c - Iskenderun's Mystic   Conj           ######..     1%          4    None
d - Fulminant Prism       Conj/Hex       ######....   1%          4    None
e - Iskenderun's Battles  Conj/Chrm      ######..     1%          5    ###....
f - Confuse               Hex            ######..     1%          3    None
g - Sting                 Conj/Pois      ####         1%          1    None
h - Ozocubu's Armour      Chrm/Ice       ######..     1%          3    None
i - Throw Icicle          Conj/Ice       ######..     1%          4    None


Dungeon Overview and Level Annotations

Branches:
Dungeon (12/15)            Temple (1/1) D:7            Lair (0/6) D:11
    Orc (0/2) D:11

Altars:
Ashenzari
Cheibriados
Dithmenos
Elyvilon
Fedhas
Gozag
Hepliaklqana
Kikubaaqudgha
Makhleb
Nemelex Xobeh
Okawaru
Qazlal
Ru
Sif Muna
Trog
Uskayaw
Vehumet
Xom
Yredelemnul
Zin
The Shining One

Shops:
D:9 *

Annotations:
D:3 Sigmund
D:11 asdu's ghost, journeyman MiGl


Message History

The hell knight is severely wounded.
Casting: Magic Dart
Confirm with . or Enter, or press ? or * to list all spells.
You can't see any susceptible monsters within range! (Use Z to cast anyway.)
Casting: Magic Dart
Confirm with . or Enter, or press ? or * to list all spells.
Aiming: Magic Dart
Press: ? - help, Shift-Dir - straight line, f/p - hell knight
Aim: a hell knight, wielding a demon blade of flaming and wearing a plate armour (severely wounded, fast)
The magic dart hits the hell knight.
The hell knight is severely wounded.
Your battlesphere fires!
The barrage of energy hits the hell knight.
The hell knight is almost dead.
The hell knight casts a spell at you. The puff of flame hits you!
* * * LOW HITPOINT WARNING * * *
The hell knight gestures at you while chanting.
The puff of flame hits you!
You die...

..<.....#.>.#..# #..##.........
........#...#..# #...........[.
........#####..# #.############
...............# #.#..
.########......# #.#.# .
#......#####.#.# .
#....†.......≈.# .
#....[.....*§§.# .
#.......@....≈p# .#
#............§.#
..#######............≈.#
#.......#..###'#.†...#.#
#.......)..#...#...†.#.#
#...8...#..#...#.....#..
#......##....8.#..##.############
#..........88P##..#..............
..........8.......#.........#....


You could see a hell knight and a friendly battlesphere.

Vanquished Creatures
  An orc knight (Bailey)
  A hill giant (D:7)
  A wolf spider zombie (D:12)
  A cyclops (D:10)
  Psyche (D:12)
  2 centaur skeletons
  2 kobold demonologists (Bailey)
  A komodo dragon (D:11)
  A troll (D:10)
  A wyvern (D:10)
  A vampire (D:12)
  12 yaks
  Menkaure (D:5)
  4 hungry ghosts
  Edmund (D:6)
  3 hell hounds (D:12)
  10 orc warriors
  7 ice beasts
  3 water moccasins
  6 necrophages
  2 black bears
  A sky beast (D:12)
  10 ogres
  3 phantoms
  5 centaurs
  3 crocodiles
  7 bullfrogs
  2 big kobolds (D:10)
  A wyvern zombie (D:11)
  A scorpion (D:5)
  10 killer bees
  4 wights
  2 howler monkeys (D:5)
  2 electric eels (Bailey)
  4 crimson imps
  3 jellies
  3 hounds
  3 orc priests
  6 bullfrog skeletons
  5 orc wizards
  Crazy Yiuf (D:6)
  Terence (D:3)
  5 iguanas
  9 worker ants
  A mummy (D:12)
  A worker ant zombie (D:11)
  5 gnolls (Bailey)
  11 adders
  4 river rats (D:11)
  5 shadow imps
  An adder skeleton (D:9)
  3 worms
  7 leopard geckos
  47 orcs
  4 giant cockroaches
  19 goblins
  12 hobgoblins
  2 jackals (D:4)
  8 quokkas
  19 bats
  3 frilled lizards
  A giant cockroach zombie (D:6)
  2 gnoll zombies (D:4)
  2 jackal skeletons
  14 kobolds
  A leopard gecko zombie (D:7)
  13 rats
338 creatures vanquished.

Vanquished Creatures (others)
  14 fulminant prisms
  7 fungi (D:11)
  A plant (D:11)
22 creatures vanquished.

Grand Total: 360 creatures vanquished

Notes
Turn   | Place    | Note
-------+----------+-------------------------------------------
     0 | D:1      | Ladykiller69 the Deep Elf Conjurer began the quest for the Orb.
     0 | D:1      | Reached XP level 1. HP: 10/10 MP: 6/6
   630 | D:1      | Reached XP level 2. HP: 15/15 MP: 6/8
  1170 | D:2      | Reached XP level 3. HP: 19/19 MP: 4/9
  1808 | D:3      | Noticed Terence
  1815 | D:3      | Killed Terence
  1815 | D:3      | Reached skill level 5 in Conjurations
  1815 | D:3      | Reached XP level 4. HP: 24/24 MP: 3/12
  1882 | D:3      | Learned a level 3 spell: Dazzling Spray
  1887 | D:3      | Learned a level 4 spell: Iskenderun's Mystic Blast
  2116 | D:3      | Found a white marble altar of Elyvilon.
  2165 | D:3      | Found a blossoming altar of Fedhas.
  2319 | D:3      | Noticed Sigmund
  2566 | D:4      | Noticed a phantom
  2578 | D:4      | Killed a phantom
  2578 | D:4      | Reached skill level 5 in Spellcasting
  2578 | D:4      | Reached XP level 5. HP: 28/28 MP: 2/14
  2693 | D:4      | Learned a level 4 spell: Fulminant Prism
  2837 | D:4      | Noticed an ogre
  2842 | D:4      | Killed an ogre
  2842 | D:4      | Reached skill level 1 in Hexes
  2842 | D:4      | Reached XP level 6. HP: 32/32 MP: 4/16
  3049 | D:4      | Found a basalt altar of Yredelemnul.
  3152 | D:5      | Entered Level 5 of the Dungeon
  3203 | D:5      | Learned a level 5 spell: Iskenderun's Battlesphere
  3262 | D:5      | Reached skill level 1 in Charms
  3285 | D:5      | Got a pair of ancient gloves
  3302 | D:5      | Identified the -3 pair of gloves of Ocu Tuet {-Cast rC+ rN+ Dex+8} (You found it on level 5 of the Dungeon)
  3395 | D:5      | Noticed an ice beast
  3409 | D:5      | Killed an ice beast
  3409 | D:5      | Reached XP level 7. HP: 28/36 MP: 8/18
  3698 | D:5      | Found a hide-covered altar of Uskayaw.
  3799 | D:5      | Noticed Menkaure
  3816 | D:5      | Killed Menkaure
  3816 | D:5      | Reached skill level 5 in Hexes
  4109 | D:5      | Found an ancient bone altar of Kikubaaqudgha.
  4119 | D:5      | Reached skill level 5 in Charms
  4119 | D:5      | Reached XP level 8. HP: 29/41 MP: 9/19
  4548 | D:5      | Found a burning altar of Makhleb.
  4924 | D:6      | Found a sacrificial altar of Ru.
  5527 | D:6      | Found a hide-covered altar of Uskayaw.
  5632 | D:6      | Noticed Edmund
  5685 | D:6      | Killed Edmund
  5921 | D:6      | Found a runed door.
  5947 | D:6      | Found a stormy altar of Qazlal.
  6006 | D:6      | Found a snail-covered altar of Cheibriados.
  6006 | D:6      | Found a deep blue altar of Sif Muna.
  6371 | D:6      | Noticed Crazy Yiuf
  6374 | D:6      | Killed Crazy Yiuf
  6374 | D:6      | Reached XP level 9. HP: 45/45 MP: 9/20
  6493 | D:7      | Found a sparkling altar of Nemelex Xobeh.
  6538 | D:7      | Learned a level 3 spell: Confuse
  6641 | D:7      | Reached skill level 10 in Conjurations
  7012 | D:7      | Noticed a hill giant
  7055 | D:7      | Killed a hill giant
  7248 | D:7      | Found a staircase to the Ecumenical Temple.
  7276 | Temple   | Entered the Ecumenical Temple
  7319 | Temple   | Became a worshipper of Vehumet
  7728 | D:8      | Found a shadowy altar of Dithmenos.
  7792 | D:8      | Found a flagged portal.
  7808 | Bailey   | Entered a bailey
  7891 | Bailey   | Found an iron altar of Okawaru.
  7891 | Bailey   | Noticed a kobold demonologist
  7892 | Bailey   | Noticed a kobold demonologist
  7902 | Bailey   | Killed a kobold demonologist
  7905 | Bailey   | Killed a kobold demonologist
  7905 | Bailey   | Reached XP level 10. HP: 50/50 MP: 4/21
  8016 | Bailey   | Reached * piety under Vehumet
  8016 | Bailey   | Offered knowledge of Sting by Vehumet.
  8027 | Bailey   | Learned a level 1 spell: Sting
  8246 | Bailey   | Noticed an orc knight
  8308 | Bailey   | Killed an orc knight
  8678 | Bailey   | Offered knowledge of Throw Frost by Vehumet.
  8710 | Bailey   | Got a bloodstained plate armour
  8720 | Bailey   | Reached ** piety under Vehumet
  8892 | D:8      | Reached skill level 10 in Charms
  9294 | D:8      | Reached skill level 10 in Hexes
  9427 | D:9      | Found Ogaofem's Assorted Antiques.
  9824 | D:9      | Found a radiant altar of Vehumet.
  9980 | D:9      | Offered knowledge of Throw Flame by Vehumet.
 10337 | D:9      | Found an opulent altar of Gozag.
 10337 | D:9      | Found a faded altar of an unknown god.
 10342 | D:9      | Found a faded altar of an unknown god.
 10344 | D:9      | Found a faded altar of an unknown god.
 10345 | D:9      | Found a faded altar of an unknown god.
 10401 | D:10     | Entered Level 10 of the Dungeon
 10432 | D:10     | Noticed a cyclops
 10438 | D:10     | Killed a cyclops
 10766 | D:10     | Reached *** piety under Vehumet
 10889 | D:10     | Reached XP level 11. HP: 53/53 MP: 20/26
 10895 | D:10     | Learned a level 3 spell: Ozocubu's Armour
 10948 | D:10     | Offered knowledge of Stone Arrow by Vehumet.
 10991 | D:10     | Reached skill level 1 in Ice Magic
 11315 | D:10     | Reached skill level 10 in Spellcasting
 11347 | D:11     | Noticed asdu's ghost (journeyman MiGl)
 11666 | D:11     | Reached **** piety under Vehumet
 11857 | D:11     | Found a staircase to the Orcish Mines.
 11895 | D:11     | Found a staircase to the Lair.
 11991 | D:11     | Offered knowledge of Olgreb's Toxic Radiance by Vehumet.
 12309 | D:11     | Learned a level 4 spell: Throw Icicle
 13099 | D:12     | Reached skill level 5 in Ice Magic
 13277 | D:12     | Reached ***** piety under Vehumet
 13290 | D:12     | Offered knowledge of Force Lance by Vehumet.
 13296 | D:12     | Noticed Psyche
 13300 | D:12     | Killed Psyche
 13620 | D:12     | Noticed a hell knight
 13665 | D:12     | Killed from afar by a hell knight

Skill      XL: |  1  2  3  4  5  6  7  8  9 10 11 |
---------------+----------------------------------+-----
Stealth        | 3 |  3.1
Dodging        | 3 |  3.0
Spellcasting   | 4 5 6 9 12 | 12.4
Conjurations   | 5 6 7 9 11 12 | 12.0
Hexes          | 1 3 5 7 9 11 | 11.1
Charms         | 2 5 7 9 10 | 10.7
Ice Magic      | 6 |  6.5

Action                   |  1- 3 |  4- 6 |  7- 9 | 10-12 || total
-------------------------+-------+-------+-------+-------++-------
Melee: Quarterstaff      |       |       |    25 |    26 ||    51
 Cast: Magic Dart        |    80 |    93 |   269 |   453 ||   895
       Fulminant Prism   |       |     2 |     5 |     7 ||    14
       Dazzling Spray    |       |     1 |    25 |    28 ||    54
       Iskenderun's Batt |       |       |     7 |    56 ||    63
       Confuse           |       |       |     2 |     1 ||     3
       Sting             |       |       |       |     9 ||     9
       Iskenderun's Myst |       |       |       |     3 ||     3
       Ozocubu's Armour  |       |       |       |     3 ||     3
  Use: Scroll            |       |     4 |     1 |     7 ||    12
       Potion            |       |       |     1 |       ||     1
 Stab: Invisible         |       |       |     2 |       ||     2
       Distracted        |       |       |     1 |       ||     1
  Eat: Chunk             |     3 |     4 |    12 |    22 ||    41
       Bread ration      |       |       |     1 |     1 ||     2
Armor: Robe              |       |     2 |     6 |    14 ||    22
Dodge: Dodged            |     3 |     5 |    50 |    77 ||   135
Block: Other             |       |       |       |    25 ||    25
       Reflection        |       |       |       |     3 ||     3
